AoeStats
← Dafixios

Arabia

509755331Analyzed
1v1 RM · 5d ago on Sep 27, 2026· 87m 35s· 2 players
Game mode
Random Map
Map size
Tiny (2 player)
Population
200
Speed
Normal
Resources
Standard
Victory
Conquest
Starting age
Dark Age
Ending age
Imperial Age
RankedLock teamsTeams togetherTeam positionsShared explorationLock speedFull tech treeHidden civsTurbo modeCheats
Victory
Defeat
🇲🇽 Franks · Mexico
1177
+16
🇪🇸 Ethiopians · Spain
1177
-16
Dafixios
5:00 Loom
8:46 Feudal Age
14:44 Double-Bit Axe
20:55 Castle Age
21:38 Husbandry
21:40 Fletching
23:36 Scale Barding Armor
35:51 Imperial Age
34:47 Wheelbarrow
34:27 Forging
37:10 Bodkin Arrow
42:30 Hoardings
42:26 Hand Cart
45:06 Crossbowman
53:15 Light Cavalry
62:47 Cavalier
64:22 Chain Barding Armor
70:13 Town Watch
82:28 Plate Barding Armor
88:24 Iron Casting
Narue
6:40 Loom
9:30 Feudal Age
9:37 Man-at-Arms
18:09 Double-Bit Axe
22:39 Castle Age
20:41 Fletching
22:03 Scale Mail Armor
22:14 Forging
24:03 Crossbowman
24:55 Arson
27:08 Chain Mail Armor
28:36 Stone Mining
38:50 Imperial Age
36:58 Bodkin Arrow
40:23 Light Cavalry
46:42 Scale Barding Armor
47:13 Iron Casting
46:48 Horse Collar
48:12 Hussar
49:14 Chain Barding Armor
51:07 Elite Skirmisher
51:53 Thumb Ring
68:52 Capped Ram
Connection lost

Rejoining the realm…

Still unreachable

The connection could not be restored.

Session expired

The server has moved on; the page needs a fresh start.